[ AOE2 MATCH · #505649952 ]
UnrankedFranks vs Khmer
Player's team · WIN
Rival team · LOSS
[ REPLAY ANALYSIS · EXTRACTED FROM THE RECORDED GAME ]
Feudal
—
Castle
—
Imperial
—
| APM avg | 50.9 |
| APM peak | 88 |
| eAPM avg | 21.6 |
| Villagers / military | 69 / 32 |
Focus
⚔️ 22.8% · 🌾 77.2%
Knight ×15 · Spearman ×8 · Battering Ram ×5 · Scout Cavalry ×4
Feudal
—
Castle
—
Imperial
—
| APM avg | 49.4 |
| APM peak | 92 |
| eAPM avg | 20.5 |
| Villagers / military | 68 / 19 |
Focus
⚔️ 24.0% · 🌾 76.0%
Spearman ×11 · Monk ×3 · Scorpion ×3 · Scout Cavalry ×2
Match map
Initial resources + every placement click. Lines = walls · curves = elevation contours. ◆ gold · ⬟ stone · ● berries · ✦ relic · ◌ wall gap
Your base· Open — unwalled flank
ManyKitten76428's base· Open — unwalled flank
Smoothed initial terrain · ◌ = detected wall gap · hover for details
Inputs per minute
— traksby - - ManyKitten76428
Build order — traksby
First 150 of 157 actions detected
| 0:00 | Queue | Villager (Male) |
| 0:01 | Queue | Villager (Male) |
| 0:01 | Queue | Villager (Male) |
| 0:01 | Queue | Villager (Male) |
| 0:02 | Build | House |
| 0:04 | Build | House |
| 1:29 | Queue | Villager (Male) |
| 1:30 | Queue | Villager (Male) |
| 1:51 | Queue | Villager (Male) |
| 1:52 | Queue | Villager (Male) |
| 1:55 | Build | Lumber Camp |
| 2:25 | Queue | Villager (Male) |
| 2:25 | Queue | Villager (Male) |
| 2:57 | Queue | Villager (Male) |
| 2:58 | Queue | Villager (Male) |
| 3:01 | Queue | Villager (Male) |
| 3:02 | Queue | Villager (Male) |
| 3:55 | Build | House |
| 4:00 | Build | House |
| 4:02 | Build | House |
| 4:06 | Queue | Villager (Male) |
| 4:06 | Queue | Villager (Male) |
| 4:07 | Queue | Villager (Male) |
| 4:07 | Queue | Villager (Male) |
| 4:40 | Build | Mill |
| 5:00 | Queue | Villager (Male) |
| 5:13 | Queue | Villager (Male) |
| 5:13 | Queue | Villager (Male) |
| 5:14 | Queue | Villager (Male) |
| 5:33 | Queue | Villager (Male) |
| 5:33 | Queue | Villager (Male) |
| 5:33 | Queue | Villager (Male) |
| 5:48 | Queue | Villager (Male) |
| 5:48 | Queue | Villager (Male) |
| 5:48 | Queue | Villager (Male) |
| 6:02 | Research | Loom |
| 6:34 | Queue | Villager (Male) |
| 7:12 | Research | Feudal Age |
| 8:12 | Build | Barracks |
| 8:57 | Queue | Villager (Male) |
| 8:57 | Queue | Villager (Male) |
| 9:13 | Build | House |
| 9:26 | Build | Stable |
| 9:42 | Research | Double-Bit Axe |
| 9:45 | Queue | Villager (Male) |
| 10:03 | Build | Mining Camp |
| 10:06 | Queue | Villager (Male) |
| 10:16 | Queue | Villager (Male) |
| 10:41 | Queue | Villager (Male) |
| 10:43 | Queue | Scout Cavalry |
| 10:43 | Queue | Scout Cavalry |
| 11:02 | Build | House |
| 11:09 | Build | Palisade Gate |
| 11:16 | Queue | Villager (Male) |
| 11:52 | Build | Blacksmith |
| 11:56 | Queue | Scout Cavalry |
| 12:01 | Queue | Villager (Male) |
| 12:19 | Queue | Villager (Male) |
| 12:31 | Queue | Scout Cavalry |
| 12:35 | Queue | Villager (Male) |
| 12:41 | Queue | Villager (Male) |
| 12:52 | Build | House |
| 13:29 | Build | Palisade Wall |
| 13:43 | Build | Farm |
| 13:44 | Queue | Villager (Male) |
| 13:45 | Queue | Villager (Male) |
| 14:11 | Queue | Villager (Male) |
| 14:11 | Queue | Villager (Male) |
| 14:21 | Queue | Villager (Male) |
| 14:51 | Build | Farm |
| 14:52 | Queue | Villager (Male) |
| 15:14 | Build | Farm |
| 15:14 | Build | Farm |
| 15:14 | Build | Farm |
| 15:14 | Build | Farm |
| 15:15 | Build | Farm |
| 15:15 | Build | Farm |
| 15:18 | Build | Farm |
| 15:29 | Build | House |
| 15:31 | Build | House |
| 15:36 | Build | Farm |
| 15:39 | Build | Farm |
| 15:41 | Build | Farm |
| 16:00 | Queue | Spearman |
| 16:00 | Queue | Spearman |
| 16:07 | Build | House |
| 16:20 | Queue | Spearman |
| 16:26 | Build | Farm |
| 16:53 | Research | Castle Age |
| 17:35 | Build | Farm |
| 17:36 | Build | Farm |
| 17:41 | Build | Stable |
| 17:45 | Build | House |
| 17:53 | Build | Farm |
| 17:56 | Build | Farm |
| 17:57 | Build | Farm |
| 18:00 | Build | Farm |
| 18:03 | Build | Farm |
| 18:06 | Build | Farm |
| 18:35 | Research | Forging |
| 18:36 | Research | Scale Barding Armor |
| 18:57 | Build | Stable |
| 19:13 | Build | Farm |
| 19:26 | Queue | Villager (Male) |
| 19:27 | Queue | Villager (Male) |
| 19:37 | Research | Bow Saw |
| 19:48 | Research | Husbandry |
| 19:53 | Queue | Knight ×3 |
| 19:57 | Build | House |
| 20:00 | Build | Palisade Wall |
| 20:12 | Queue | Villager (Male) |
| 20:36 | Build | Lumber Camp |
| 20:47 | Queue | Villager (Male) |
| 20:47 | Queue | Villager (Male) |
| 21:16 | Queue | Villager (Male) |
| 21:40 | Queue | Villager (Male) |
| 21:40 | Queue | Villager (Male) |
| 21:53 | Build | Siege Workshop |
| 21:56 | Research | Husbandry |
| 21:56 | Queue | Knight ×4 |
| 22:08 | Build | Farm |
| 22:20 | Queue | Villager (Male) |
| 22:28 | Build | Lumber Camp |
| 23:00 | Queue | Battering Ram |
| 23:07 | Build | House |
| 23:09 | Queue | Villager (Male) |
| 23:25 | Research | Iron Casting |
| 23:27 | Research | Chain Barding Armor |
| 23:36 | Queue | Villager (Male) |
| 23:44 | Build | Farm |
| 23:46 | Queue | Battering Ram |
| 23:50 | Queue | Villager (Male) |
| 23:54 | Build | Farm |
| 24:07 | Queue | Villager (Male) |
| 24:25 | Queue | Battering Ram |
| 24:29 | Queue | Villager (Male) |
| 24:29 | Queue | Villager (Male) |
| 24:43 | Queue | Knight ×3 |
| 24:49 | Build | Town Center |
| 24:56 | Queue | Knight |
| 25:26 | Build | House |
| 25:29 | Build | House |
| 25:59 | Queue | Battering Ram |
| 26:12 | Queue | Villager (Male) |
| 26:12 | Queue | Villager (Male) |
| 26:58 | Queue | Villager (Male) |
| 26:58 | Queue | Villager (Male) |
| 26:58 | Queue | Villager (Male) |
| 27:04 | Build | Farm |
| 27:07 | Queue | Knight ×3 |
Build order — ManyKitten76428
First 150 of 168 actions detected
| 0:01 | Queue | Villager (Male) |
| 0:01 | Queue | Villager (Male) |
| 0:01 | Queue | Villager (Male) |
| 0:01 | Queue | Villager (Male) |
| 0:02 | Queue | Villager (Male) |
| 0:02 | Queue | Villager (Male) |
| 0:02 | Queue | Villager (Male) |
| 0:02 | Queue | Villager (Male) |
| 0:02 | Queue | Villager (Male) |
| 0:04 | Build | House |
| 0:06 | Build | House |
| 1:15 | Queue | Villager (Male) |
| 1:16 | Queue | Villager (Male) |
| 2:09 | Queue | Villager (Male) |
| 2:09 | Queue | Villager (Male) |
| 2:20 | Queue | Villager (Male) |
| 2:21 | Queue | Villager (Male) |
| 2:44 | Build | Lumber Camp |
| 2:52 | Queue | Villager (Male) |
| 2:53 | Queue | Villager (Male) |
| 2:53 | Queue | Villager (Male) |
| 3:08 | Queue | Villager (Male) |
| 3:09 | Queue | Villager (Male) |
| 3:25 | Queue | Villager (Male) |
| 3:25 | Queue | Villager (Male) |
| 3:53 | Queue | Villager (Male) |
| 3:53 | Queue | Villager (Male) |
| 3:53 | Queue | Villager (Male) |
| 4:10 | Build | House |
| 4:11 | Build | House |
| 4:44 | Build | Palisade Wall |
| 4:52 | Queue | Villager (Male) |
| 4:52 | Queue | Villager (Male) |
| 4:53 | Queue | Villager (Male) |
| 5:55 | Queue | Villager (Male) |
| 5:58 | Research | Loom |
| 6:35 | Research | Feudal Age |
| 7:12 | Queue | Villager (Male) |
| 7:12 | Queue | Villager (Male) |
| 7:28 | Build | Mill |
| 8:04 | Build | House |
| 8:09 | Build | Palisade Wall |
| 8:10 | Build | Palisade Wall |
| 9:01 | Build | Stable |
| 9:09 | Research | Double-Bit Axe |
| 9:17 | Build | Blacksmith |
| 9:25 | Queue | Villager (Male) |
| 9:42 | Queue | Scout Cavalry |
| 9:42 | Queue | Scout Cavalry |
| 10:03 | Research | Scale Barding Armor |
| 10:19 | Queue | Villager (Male) |
| 10:39 | Build | Farm |
| 10:41 | Build | Farm |
| 10:47 | Build | House |
| 10:56 | Queue | Villager (Male) |
| 10:56 | Queue | Villager (Male) |
| 11:05 | Build | House |
| 11:13 | Queue | Villager (Male) |
| 11:13 | Queue | Villager (Male) |
| 11:17 | Build | Farm |
| 11:19 | Build | Farm |
| 11:29 | Queue | Villager (Male) |
| 11:37 | Build | Farm |
| 11:41 | Build | Farm |
| 11:43 | Queue | Villager (Male) |
| 11:55 | Build | Farm |
| 11:57 | Build | Farm |
| 12:10 | Build | House |
| 12:17 | Queue | Villager (Male) |
| 12:21 | Build | Palisade Wall |
| 12:22 | Build | Palisade Wall |
| 12:30 | Build | House |
| 12:33 | Queue | Villager (Male) |
| 12:41 | Queue | Villager (Male) |
| 12:45 | Build | Farm |
| 12:58 | Build | Palisade Wall |
| 13:00 | Build | Palisade Wall |
| 13:45 | Build | Farm |
| 13:51 | Build | Market |
| 13:53 | Build | House |
| 13:58 | Build | Palisade Wall |
| 14:35 | Build | Mining Camp |
| 14:43 | Queue | Villager (Male) |
| 14:43 | Queue | Villager (Male) |
| 15:06 | Build | Palisade Wall |
| 15:09 | Build | House |
| 15:16 | Queue | Villager (Male) |
| 15:16 | Queue | Villager (Male) |
| 15:35 | Build | House |
| 15:38 | Build | House |
| 15:57 | Build | Palisade Wall |
| 16:04 | Build | Palisade Wall |
| 16:08 | Build | Palisade Wall |
| 16:19 | Queue | Villager (Male) |
| 16:19 | Queue | Villager (Male) |
| 16:29 | Build | Palisade Wall |
| 16:32 | Build | Farm |
| 16:49 | Queue | Villager (Male) |
| 17:07 | Queue | Villager (Male) |
| 17:10 | Build | Barracks |
| 17:30 | Build | House |
| 17:36 | Build | Palisade Wall |
| 17:39 | Build | Palisade Wall |
| 17:40 | Build | Palisade Wall |
| 17:41 | Research | Castle Age |
| 18:21 | Queue | Spearman |
| 18:21 | Queue | Spearman |
| 18:21 | Queue | Spearman |
| 18:29 | Build | Palisade Wall |
| 19:12 | Build | Lumber Camp |
| 19:24 | Build | House |
| 19:26 | Build | House |
| 20:05 | Research | Horse Collar |
| 20:19 | Build | House |
| 20:21 | Build | House |
| 20:30 | Build | Farm |
| 20:34 | Build | Farm |
| 20:44 | Research | Forging |
| 20:58 | Build | Siege Workshop |
| 21:08 | Research | Pikeman (upgrade) |
| 21:13 | Queue | Villager (Male) |
| 21:13 | Queue | Villager (Male) |
| 21:13 | Queue | Villager (Male) |
| 21:21 | Build | Town Center |
| 21:35 | Queue | Spearman |
| 21:35 | Queue | Spearman |
| 21:37 | Queue | Spearman |
| 21:42 | Queue | Scorpion |
| 21:42 | Queue | Scorpion |
| 21:42 | Queue | Scorpion |
| 21:53 | Build | Farm |
| 22:23 | Queue | Villager (Male) |
| 22:23 | Queue | Villager (Male) |
| 22:30 | Research | Bow Saw |
| 22:41 | Queue | Villager (Male) |
| 22:49 | Queue | Villager (Male) |
| 22:49 | Queue | Villager (Male) |
| 22:50 | Queue | Villager (Male) |
| 22:56 | Queue | Villager (Male) |
| 23:12 | Build | Farm |
| 23:18 | Build | Farm |
| 23:26 | Queue | Villager (Male) |
| 23:28 | Queue | Villager (Male) |
| 23:37 | Build | Lumber Camp |
| 23:57 | Queue | Villager (Male) |
| 23:59 | Queue | Villager (Male) |
| 24:11 | Build | Farm |
| 24:15 | Build | Farm |
| 24:28 | Build | Town Center |
| 24:33 | Queue | Spearman |
Match timeline
| 4:44 | ManyKitten76428 · wall_segment Palisade Wall x3 |
| 8:09 | ManyKitten76428 · wall_segment Palisade Wall x1 |
| 8:10 | ManyKitten76428 · wall_segment Palisade Wall x1 |
| 8:12 | traksby · first_building Barracks |
| 9:01 | ManyKitten76428 · first_building Stable |
| 9:26 | traksby · first_building Stable |
| 12:21 | ManyKitten76428 · wall_segment Palisade Wall x1 |
| 12:22 | ManyKitten76428 · wall_segment Palisade Wall x1 |
| 12:58 | ManyKitten76428 · wall_segment Palisade Wall x1 |
| 13:00 | ManyKitten76428 · wall_segment Palisade Wall x1 |
| 13:29 | traksby · wall_segment Palisade Wall x13 |
| 13:58 | ManyKitten76428 · wall_segment Palisade Wall x1 |
| 15:06 | ManyKitten76428 · wall_segment Palisade Wall x1 |
| 15:57 | ManyKitten76428 · wall_segment Palisade Wall x1 |
| 16:04 | ManyKitten76428 · wall_segment Palisade Wall x1 |
| 16:08 | ManyKitten76428 · wall_segment Palisade Wall x1 |
| 16:29 | ManyKitten76428 · wall_segment Palisade Wall x1 |
| 17:10 | ManyKitten76428 · first_building Barracks |
| 17:36 | ManyKitten76428 · wall_segment Palisade Wall x1 |
| 17:39 | ManyKitten76428 · wall_segment Palisade Wall x1 |
| 17:40 | ManyKitten76428 · wall_segment Palisade Wall x1 |
| 18:29 | ManyKitten76428 · wall_segment Palisade Wall x1 |
| 20:00 | traksby · wall_segment Palisade Wall x7 |
| 20:58 | ManyKitten76428 · first_building Siege Workshop |
| 21:53 | traksby · first_building Siege Workshop |
| 26:50 | ManyKitten76428 · first_building Monastery |
| 27:48 | ManyKitten76428 · wall_segment Stone Wall x1 |
| 28:06 | ManyKitten76428 · wall_segment Stone Wall x1 |
| 28:51 | ManyKitten76428 · resign |
[ AI ANALYSIS · 1 CREDIT ]
What really happened in this match?
Wolo.gg analyzes every decision: build order, eco, micro, common mistakes by bracket. Personalized analysis on WhatsApp or Discord in 30 seconds.
Civ guide
Franks
Perfil
Jugador #2078072